 Dungeon Crawl Stone Soup version 0.31-a0-1005-gfbdfbacc72 (webtiles) character file.

Game seed: 17690137112573751379

2305 CrazyBamboolord the Destroyer (level 9, 0/65 HPs)
             Began as a Gnoll Conjurer on Nov 11, 2023.
             Was an Elder of Sif Muna.
             Slain by Joseph
             ... wielding a +0 quarterstaff
              (8 damage)
             ... on level 8 of the Dungeon.
             The game lasted 00:14:30 (8648 turns).

CrazyBamboolord the Destroyer (Gnoll Conjurer)      Turns: 8648, Time: 00:14:31

Health: 0/65       AC:  5    Str: 12    XL:     9   Next: 40%
Magic:  7/19       EV: 14    Int: 22    God:    Sif Muna [****..]
Gold:   112        SH:  0    Dex: 11    Spells: 12/21 levels left

rFire   . . .        D - +0 halberd (venom)
rCold   . . .        (shield currently unavailable)
rNeg    . . .        a - +0 robe
rPois   .            j - +0 helmet
rElec   .            z - +0 cloak
rCorr   +            (no gloves)
SInv    .            C - +0 pair of boots {rampage}
Will    .....        (no amulet)
Stlth   +++          s - +6 ring of strength
HPRegen 0.30/turn    x - ring of resist corrosion
MPRegen 0.16/turn

%: rampage
@: studying Conjurations
A: fangs 1, strong nose, distributed training
a: Renounce Religion, Channel Magic, Forget Spell, Divine Exegesis


You were on level 8 of the Dungeon.
You worshipped Sif Muna.
Sif Muna was greatly pleased with you.
You visited 1 branch of the dungeon, and saw 8 of its levels.

You collected 252 gold pieces.
You spent 140 gold pieces at shops.

Inventory:

Hand Weapons
 D - a +0 halberd of venom (weapon)
Missiles
 B - 5 atropa-tipped darts
Armour
 a - a +0 robe (worn)
 j - a +0 helmet (worn)
 z - a +0 cloak (worn)
 C - a +0 pair of boots of rampaging (worn)
Jewellery
 s - a +6 ring of strength (left hand)
 x - a ring of resist corrosion (right hand)
Wands
 A - a wand of roots (7)
Scrolls
 c - a scroll of vulnerability
 d - a scroll of summoning {unknown}
 g - a scroll of poison {unknown}
 h - 2 scrolls of teleportation
 l - a scroll of torment {unknown}
 o - a scroll of revelation {unknown}
 r - 2 scrolls of fog
 t - 2 scrolls of enchant armour {unknown}
 u - a scroll of immolation {unknown}
 w - a scroll of acquirement {unknown}
 y - 3 scrolls of identify
Potions
 b - 2 potions of magic
 e - a potion of haste {unknown}
 i - 4 potions of curing {unknown}
 k - a potion of lignification {unknown}
 m - 2 potions of brilliance {unknown}
 p - a potion of enlightenment {unknown}
 q - a potion of ambrosia {unknown}
 v - a potion of berserk rage {unknown}


   Skills:
 + Level 4.3 Fighting
 + Level 4.3 Short Blades
 + Level 4.3 Long Blades
 + Level 4.3 Axes
 + Level 4.3 Maces & Flails
 + Level 4.3 Polearms
 + Level 4.3 Staves
 + Level 4.3 Ranged Weapons
 + Level 4.3 Throwing
 + Level 4.3 Armour
 + Level 6.3 Dodging
 + Level 6.1 Stealth
 + Level 4.3 Shields
 + Level 4.3 Unarmed Combat
 + Level 6.6 Spellcasting
 + Level 8.8 Conjurations
 + Level 3.5 Hexes
 + Level 3.5 Summonings
 + Level 3.5 Necromancy
 + Level 3.5 Translocations
 + Level 3.5 Transmutations
 + Level 3.5 Fire Magic
 + Level 3.5 Ice Magic
 + Level 3.5 Air Magic
 + Level 3.5 Earth Magic
 + Level 3.5 Poison Magic
 + Level 4.7 Invocations
 + Level 4.3 Evocations
 + Level 3.9 Shapeshifting


You had 12 spell levels left.
You knew the following spells:

 Your Spells              Type           Power      Damage    Failure   Level
a - Magic Dart            Conj           100%       1d8       1%          1
b - Searing Ray           Conj           92%        2d7       1%          2
c - Dazzling Flash        Conj/Hex       68%        N/A       1%          3
d - Tukima's Dance        Hex            22%        N/A       6%          3

Your spell library contained the following spells:

 Spells                   Type           Power      Damage    Failure   Level
 Wereblood                Tmut           22%        N/A       3%          2
 Fulminant Prism          Conj/Hex       17%        3d10      7%          4
 Iskenderun's Mystic Bla  Conj/Tloc      34%        2d8       7%          4
 Irradiate                Conj/Tmut      17%        3d17      19%         5
 Dimensional Bullseye     Hex/Tloc       11%        N/A       21%         4


Dungeon Overview and Level Annotations

Branches:
Dungeon (8/15)             Temple (0/1) D:5
   Lair: D:8-11

Altars:
Gozag
Kikubaaqudgha
Makhleb
Nemelex Xobeh
Okawaru
Qazlal
Ru
Sif Muna
Wu Jian
Yredelemnul

Shops:
D:2 *   D:7 (

Annotations:
D:8 Joseph


Innate Abilities, Weirdness & Mutations

You have very sharp teeth.
Your uncanny sense of smell can sniff out nearby items.
Your experience applies equally to all skills.


Message History

The searing ray hits Joseph!
Joseph is lightly wounded. (Press . to maintain the ray.) Joseph misses you.
The searing ray hits Joseph.
Joseph is lightly wounded.
Joseph closely misses you.
The searing ray misses Joseph.
Joseph hits you with a +0 quarterstaff.
* * * LOW HITPOINT WARNING * * *
The searing ray hits Joseph!
Joseph is moderately wounded.
You finish channelling your searing ray.
Joseph barely misses you.
You feel much better. Joseph hits you with a +0 quarterstaff!
* * * LOW HITPOINT WARNING * * *
Casting: Searing Ray (safe; 1% risk of failure)
Confirm with . or Enter, or press ? or * to list all spells.
Aiming: Searing Ray (safe; 1% risk of failure)
Press: ? - help, Shift-Dir - straight line, f/p - Joseph
Aim: Joseph, wielding a +0 quarterstaff and wearing a +0 leather armour (moderately wounded, blind, 82% to hit)
The searing ray hits Joseph!
Joseph is heavily wounded. (Press . to maintain the ray.) Joseph is no longer blind.
Joseph hits you with a +0 quarterstaff.
* * * LOW HITPOINT WARNING * * *
The searing ray hits Joseph.
Joseph is heavily wounded.
Joseph hits you with a +0 quarterstaff.
* * * LOW HITPOINT WARNING * * *
Unknown command.
The searing ray hits Joseph.
Joseph is heavily wounded.
Joseph hits you with a +0 quarterstaff.
* * * LOW HITPOINT WARNING * * *
Unknown command.
The searing ray hits Joseph!
Joseph is severely wounded.
You finish channelling your searing ray.
Joseph hits you with a +0 quarterstaff!
You die...

...........#
...........#
.........<#
..........#####
####...........
#...........
#...........
#...........
#.@.........
#@..........
#...........
..######### ∆
... .... .....
#.....


You could see Joseph.

Vanquished Creatures
  Menkaure (D:5)
  A water moccasin (D:5)
  An ice beast (D:6)
  A hornet zombie (D:7)
  A sky beast (D:6)
  3 black bears
  A centaur (D:7)
  A kobold brigand (D:7)
  3 bullfrogs
  A water moccasin zombie (D:7)
  2 scorpions
  A wyvern zombie (D:7)
  3 howler monkeys
  A bullfrog zombie (D:7)
  A jelly (D:5)
  2 orc priests
  6 hounds
  A sleepcap (D:7)
  5 iguanas
  2 orc wizards
  A killer bee zombie (D:7)
  Robin (D:2)
  5 gnolls
  3 howler monkey zombies (D:7)
  8 adders
  A shadow imp (D:6)
  9 dart slugs
  20 orcs
  6 bats
  7 endoplasms
  10 goblins
  9 hobgoblins
  9 jackals
  13 kobolds
  5 quokkas
  6 ball pythons
  9 frilled lizards
  4 rats
164 creatures vanquished.

Notes
Turn   | Place    | Note
-------+----------+-------------------------------------------
     0 | D:1      | CrazyBamboolord the Gnoll Conjurer began the quest for the
                  | Orb.
     0 | D:1      | Reached XP level 1. HP: 13/13 MP: 6/6
    21 | D:1      | Found a faded altar of an unknown god.
    35 | D:1      | Prayed at the altar of an unknown god.
    35 | D:1      | Became a worshipper of Sif Muna the Loreminder
    35 | D:1      | Reached * piety under Sif Muna
   194 | D:1      | Reached XP level 2. HP: 19/19 MP: 5/7
   368 | D:1      | Learned a level 2 spell: Searing Ray
   393 | D:1      | Reached XP level 3. HP: 25/25 MP: 2/9
   466 | D:1      | Reached skill level 5 in Spellcasting
   995 | D:1      | Reached skill level 1 in Invocations
  1184 | D:2      | Noticed Robin
  1213 | D:1      | Reached ** piety under Sif Muna
  1214 | D:1      | Reached skill level 1 in Fighting
  1214 | D:1      | Reached skill level 1 in Short Blades
  1214 | D:1      | Reached skill level 1 in Long Blades
  1214 | D:1      | Reached skill level 1 in Axes
  1214 | D:1      | Reached skill level 1 in Maces & Flails
  1214 | D:1      | Reached skill level 1 in Polearms
  1214 | D:1      | Reached skill level 1 in Staves
  1214 | D:1      | Reached skill level 1 in Ranged Weapons
  1214 | D:1      | Reached skill level 1 in Throwing
  1214 | D:1      | Reached skill level 1 in Armour
  1214 | D:1      | Reached skill level 1 in Shields
  1214 | D:1      | Reached skill level 1 in Unarmed Combat
  1214 | D:1      | Reached skill level 1 in Evocations
  1340 | D:2      | Reached skill level 1 in Shapeshifting
  1340 | D:2      | Reached XP level 4. HP: 31/32 MP: 7/11
  1341 | D:2      | Killed Robin
  1486 | D:2      | Found Mihomot's Assorted Antiques.
  1495 | D:2      | Bought a scroll labelled ALAYREICWUSAE for 24 gold pieces
  1661 | D:2      | Reached skill level 1 in Hexes
  1661 | D:2      | Reached skill level 1 in Summonings
  1661 | D:2      | Reached skill level 1 in Necromancy
  1661 | D:2      | Reached skill level 1 in Translocations
  1661 | D:2      | Reached skill level 1 in Transmutations
  1661 | D:2      | Reached skill level 1 in Fire Magic
  1661 | D:2      | Reached skill level 1 in Ice Magic
  1661 | D:2      | Reached skill level 1 in Air Magic
  1661 | D:2      | Reached skill level 1 in Earth Magic
  1661 | D:2      | Reached skill level 1 in Poison Magic
  2174 | D:2      | Bought a lumpy blue potion for 21 gold pieces
  2174 | D:2      | Bought a lumpy blue potion for 21 gold pieces
  2467 | D:3      | Found a burning altar of Makhleb.
  2489 | D:3      | Reached XP level 5. HP: 37/37 MP: 10/12
  2998 | D:3      | Found an ornate altar of the Wu Jian Council.
  3195 | D:4      | You fall into a shaft and drop 3 floors!
  3255 | D:7      | Noticed a centaur
  3368 | D:6      | Found an ancient bone altar of Kikubaaqudgha.
  3433 | D:6      | Reached XP level 6. HP: 40/44 MP: 8/14
  3501 | D:6      | Noticed a black bear
  3505 | D:6      | Killed a black bear
  3505 | D:6      | Reached *** piety under Sif Muna
  3506 | D:6      | Reached skill level 5 in Dodging
  3513 | D:5      | Entered Level 5 of the Dungeon
  3523 | D:5      | Learned a level 3 spell: Dazzling Flash
  3562 | D:5      | Reached XP level 7. HP: 41/50 MP: 1/15
  4001 | D:5      | Reached skill level 5 in Stealth
  4077 | D:4      | Found an opulent altar of Gozag.
  4186 | D:4      | Found a sacrificial altar of Ru.
  5233 | D:5      | Reached XP level 8. HP: 51/57 MP: 8/16
  5305 | D:5      | Reached skill level 8 in Conjurations
  5434 | D:5      | Found a staircase to the Ecumenical Temple.
  5537 | D:5      | Noticed Menkaure
  5542 | D:5      | Killed Menkaure
  5683 | D:5      | Found an iron altar of Okawaru.
  5852 | D:5      | Found a sparkling altar of Nemelex Xobeh.
  6164 | D:6      | Found a stormy altar of Qazlal.
  6273 | D:6      | Reached **** piety under Sif Muna
  7138 | D:7      | Reached XP level 9. HP: 21/65 MP: 0/18
  7362 | D:7      | Identified the +9 rapier "Kivouq" {venom, rElec rN++ Str+2
                  | Dex-5}
  8147 | D:7      | Found a basalt altar of Yredelemnul.
  8332 | D:7      | Found Tiwkouk's Weapon Shoppe.
  8342 | D:7      | Bought a +0 halberd of venom for 74 gold pieces
  8580 | D:7      | Learned a level 3 spell: Tukima's Dance
  8630 | D:8      | Noticed Joseph
  8648 | D:8      | Slain by Joseph

Illustrated notes

Levels and vault maps discovered:
D:1:      orjb1_lava_funnel, layout_basic,
          hellmonk_ecumenical_altar_pennies_from_heaven,
          chequers_serial_rivers_micro_a
D:2:      layout_loops_ring, serial_shops, shop, grunt_ministairs_10, uniq_robin
D:3:      layout_basic, mainiacjoe_overflow_boulevard,
          nicolae_wu_jian_immortal_techniques
D:4:      layout_basic, mainiacjoe_overflow_cross_hatched,
          nicolae_gozag_seed_capital
D:5:      layout_rooms, lemuel_coloured_pillars_altar,
          okawaru_altar_gauntlet_db, minmay_temple_entry_ruins,
          cheibrodos_gnoll_hut, uniq_menkaure
D:6:      layout_gridville, nicolae_kikubaaqudgha_miasma_corner,
          nicolae_qazlal_general_emergency, minmay_misc_feat_hallway
D:7:      layout_loops_ring, nicolae_yredelemnul_corpse_copse, serial_shops,
          nicolae_lakefront_shop, chequers_mini_garden
D:8:      layout_gridville, lair_entry_dummy, minivault_23, uniq_joseph

Skill      XL: |  1  2  3  4  5  6  7  8  9 |
---------------+----------------------------+-----
Spellcasting   | 5 6 |  6.6
Invocations    | 1 2 3 4 |  4.7
Fighting       | 1 2 3 4 |  4.3
Short Blades   | 1 2 3 4 |  4.3
Long Blades    | 1 2 3 4 |  4.3
Axes           | 1 2 3 4 |  4.3
Maces & Flails | 1 2 3 4 |  4.3
Polearms       | 1 2 3 4 |  4.3
Staves         | 1 2 3 4 |  4.3
Ranged Weapons | 1 2 3 4 |  4.3
Throwing       | 1 2 3 4 |  4.3
Armour         | 1 2 3 4 |  4.3
Shields        | 1 2 3 4 |  4.3
Unarmed Combat | 1 2 3 4 |  4.3
Evocations     | 1 2 3 4 |  4.3
Shapeshifting  | 1 2 3 |  3.9
Hexes          | 1 2 3 |  3.5
Summonings     | 1 2 3 |  3.5
Necromancy     | 1 2 3 |  3.5
Translocations | 1 2 3 |  3.5
Transmutations | 1 2 3 |  3.5
Fire Magic     | 1 2 3 |  3.5
Ice Magic      | 1 2 3 |  3.5
Air Magic      | 1 2 3 |  3.5
Earth Magic    | 1 2 3 |  3.5
Poison Magic   | 1 2 3 |  3.5
Dodging        | 5 6 |  6.3
Stealth        | 5 6 |  6.1
Conjurations   | 8 |  8.8

Action                     |  1- 3 |  4- 6 |  7- 9 || total
---------------------------+-------+-------+-------++-------
  Melee: Quarterstaff      |    16 |     5 |    41 ||    62
         Bite              |     1 |     1 |     8 ||    10
         Halberd           |       |       |    13 ||    13
   Cast: Magic Dart        |    48 |    66 |   202 ||   316
         Searing Ray       |     5 |     9 |    35 ||    49
         Dazzling Flash    |       |       |     1 ||     1
    Use: Scroll            |       |       |     4 ||     4
         Potion            |       |       |     3 ||     3
   Stab: Sleeping          |       |       |     2 ||     2
 Armour: Robe              |    31 |    12 |   141 ||   184
  Dodge: Dodged            |    46 |    13 |   132 ||   191

Table legend: (Time is in decaauts)
 A = Elapsed time spent in this place.
 B = Non-inter-level travel time spent in this place.
 C = Inter-level travel time spent in this place.
 D = Time resting spent in this place.
 E = Time spent auto-exploring this place.
 F = Levels seen in this place.
 G = Mean time per level.
                   A        B        C        D        E       F      G
               +--------+--------+--------+--------+--------+-----+--------+
         Total |   8662 |   8310 |    352 |    582 |   6755 |   8 | 1082.8 |
       Dungeon |   8662 |   8310 |    352 |    582 |   6755 |   8 | 1082.8 |
               +--------+--------+--------+--------+--------+-----+--------+

Top non-repeatable levels by time:
     D:7: 1658 daAuts
     D:6: 1387 daAuts
     D:1: 1339 daAuts
     D:4: 1320 daAuts
     D:5: 1198 daAuts
     D:3: 873 daAuts
     D:2: 867 daAuts
     D:8: 18 daAuts
